 Dungeon Crawl Stone Soup version 0.14-a0-2592-g262d02f (webtiles) character file.

1259 MirrMurr the Covert (level 7, -1/32 HPs)
             Began as a Spriggan Enchanter on Feb 12, 2014.
             Was an Initiate of Dithmenos.
             Killed from afar by Kae's ghost (3 damage)
             ... with a magic dart
             ... on Level 6 of the Dungeon.
             The game lasted 00:18:10 (4903 turns).

MirrMurr the Covert (Spriggan Enchanter)            Turns: 4903, Time: 00:18:10

HP  -1/32        AC  5     Str  6      XL: 7   Next: 79%
MP   8/21        EV 17     Int 17      God: Dithmenos [......]
Gold 359         SH  0     Dex 16      Spells:  3 memorised,  8 levels left

rFire  . . .     SeeInvis +     b - +2 dagger (elec)
rCold  . . .     Clarity  .     g - +1 robe
rNeg   . . .     Conserve .     (shield restricted)
rPois  .         rCorr    .     (helmet restricted)
rElec  .         rRot     .     C - +1 cloak
SustAb . .       Spirit   .     (gloves unavailable)
rMut   .         Warding  .     (boots unavailable)
Saprov . . .     Stasis   .     (no amulet)
MR     ++...                    (no ring)
                                w - ring of protection from magic

@: drained, very quick, very resistant to hostile enchantments, very stealthy
A: unfitting armour, see invisible, herbivore 3, speed 3, slow metabolism 2
a: Renounce Religion


You were on level 6 of the Dungeon.
You worshipped Dithmenos.
Dithmenos was noncommittal.
You were not hungry.

You visited 2 branches of the dungeon, and saw 7 of its levels.

You collected 359 gold pieces.

Inventory:

Hand weapons
 a - a +2,+2 dagger of venom
 b - a +2,+2 dagger of electrocution (weapon)
 c - a +1,+4 sling
 B - a +1,+1 dagger
 H - the +9,+9 Staff of Wucad Mu
   (You found it on level 4 of the Dungeon)
Missiles
 d - 10 darts (quivered)
 j - 64 stones
 k - 83 sling bullets
 G - 7 curare-tipped needles
Armour
 g - a +1 robe (worn)
 C - a +1 cloak (worn)
Comestibles
 f - 2 pears
 n - 3 bread rations
Scrolls
 i - 2 scrolls of identify
 p - a scroll of enchant armour {unknown}
 s - 2 scrolls of fog
 t - a scroll of magic mapping {unknown}
 u - a scroll of teleportation
 v - a scroll of noise {unknown}
 x - 2 scrolls of remove curse
 y - a scroll of fear {unknown}
 A - 2 scrolls of random uselessness {unknown}
 K - a scroll of amnesia {unknown}
 L - a scroll of enchant weapon I {unknown}
 M - a scroll of enchant weapon II {unknown}
Jewellery
 w - a ring of protection from magic (left hand)
 J - a cursed ring of teleportation
Potions
 e - a potion of porridge
 h - a potion of heal wounds
 l - 2 potions of restore abilities {unknown}
 o - a potion of flight {unknown}
 q - a potion of lignification {unknown}
 r - 2 potions of curing
 F - a potion of brilliance {unknown}
 I - a potion of might {unknown}
Books
 m - a book of Maledictions

   Spells                             Type                      Level
   *Corona                            Hexes                        1
   Sure Blade                         Hexes/Charms                 2
   *Ensorcelled Hibernation           Hexes/Ice                    2
   *Confuse                           Hexes                        3
   Enslavement                        Hexes                        4
   Invisibility                       Hexes                        6
 D - a book of Annihilations {highlevel}

   This book is beyond your current level of understanding.

   Spells                             Type                      Level
   Poison Arrow                       Conjuration/Poison           6
   Chain Lightning                    Conjuration/Air              8
   Lehudib's Crystal Spear            Conjuration/Earth            8
   Ice Storm                          Conjuration/Ice              9
   Fire Storm                         Conjuration/Fire             9
Magical staves
 z - an uncursed staff of fire {unknown}


   Skills:
 + Level 6.2(5.0) Short Blades
 - Level 1.1(0.1) Throwing
 - Level 3.0(1.9) Dodging
 + Level 10.2(8.9) Stealth
 + Level 4.1(3.0) Spellcasting
 - Level 3.6(2.5) Hexes


You had 8 spell levels left.
You knew the following spells:

 Your Spells              Type           Power        Failure   Level  Hunger
a - Ensorcelled Hibernat  Hex/Ice        #.....       17%         2    ##.....
b - Confuse               Hex            ##......     21%         3    ###....
Z - Corona                Hex            ##.....      10%         1    None


Dungeon Overview and Level Annotations

Branches:
Dungeon (6/16)             Temple (1/1) D:5

Altars:
Cheibriados
Dithmenos
Elyvilon
Nemelex Xobeh
Sif Muna
Trog
Xom
Yredelemnul
The Shining One

Annotations:
D:6 Kae's ghost, experienced DrWz


Innate Abilities, Weirdness & Mutations

You are tiny and cannot use many weapons and most armour.
You have supernaturally acute eyesight.
You are a herbivore.
You cover ground extremely quickly.
You need consume almost no food.


Message History

Kae's ghost resists with almost no effort.
Kae's ghost breathes negative energy at you.
The blast of negative energy misses you.
Casting: Confuse
Confirm with . or Enter, or press ? or * to list all spells.
Aiming: Confuse
Press: ? - help, Shift-Dir - straight line, f/p - Kae's ghost
Aim: Kae's ghost Kae's ghost resists with almost no effort.
Kae's ghost hits you.
* * * LOW HITPOINT WARNING * * *
Casting: Confuse
Confirm with . or Enter, or press ? or * to list all spells.
Aiming: Confuse
Press: ? - help, Shift-Dir - straight line, f/p - Kae's ghost
Aim: Kae's ghost Kae's ghost resists with almost no effort.
Kae's ghost points at you and mumbles some strange words.
The magic dart hits you!
You die...

#..##......#.#...#.# . ##..
#......##.###..# .. ..#...
######.###...#.# .#
.#......##... ..# #####.##
##.# .#.......#.. ### ##...##
...# .... ...#.###.## #.....#
#..# #..####..#...#.# #....##
#..####....##..#.<.#.# #.#.##
#........#.##..#@..#.#####.###
.p######......(p###........#
#s##..%.......f....#.#######
#.##.#####.###.#####.#
#p##.#####.# #.......#
.b..b...##.# #########
####.##.##.# #.......#
#....####


You could see an active ballistomycete and Kae's ghost.

Vanquished Creatures
  An ice beast (D:6)
  A centaur (D:5)
  2 ogres (D:3)
  A phantom (D:6)
  A giant frog (D:6)
  A crimson imp (D:4)
  An iguana (D:5)
  2 hounds
  A gnoll shaman (D:4)
  2 worker ants
  A hound skeleton (D:4)
  6 adders
  3 gnolls (D:4)
  A giant mite (D:6)
  2 worms
  An adder skeleton (D:4)
  3 giant geckos
  11 orcs
  2 ball pythons
  A bat skeleton (D:4)
  5 giant cockroaches
  6 hobgoblins
  4 quokkas
  8 bats
  3 giant newts
  A giant newt skeleton (D:4)
  A giant spore (D:6)
  5 goblins
  7 jackals
  11 kobolds
  6 rats
  3 ballistomycetes (D:6)
104 creatures vanquished.

Notes
Turn   | Place    | Note
--------------------------------------------------------------
     0 | D:1      | MirrMurr, the Spriggan Enchanter, began the quest for the Orb.
     0 | D:1      | Reached XP level 1. HP: 9/9 MP: 4/4
   293 | D:1      | Reached skill level 4 in Stealth
   398 | D:1      | Reached XP level 2. HP: 10/13 MP: 7/7
   402 | D:1      | Learned a level 2 spell: Ensorcelled Hibernation
   569 | D:1      | Reached skill level 5 in Stealth
   777 | D:2      | Reached XP level 3. HP: 16/16 MP: 6/9
   782 | D:2      | Learned a level 3 spell: Confuse
  1055 | D:2      | Reached skill level 6 in Stealth
  1378 | D:3      | Noticed an ogre
  1385 | D:3      | Killed an ogre
  1385 | D:3      | Reached skill level 7 in Stealth
  1385 | D:3      | Reached XP level 4. HP: 19/21 MP: 12/12
  1385 | D:3      | Reached XP level 5. HP: 21/24 MP: 14/14
  1458 | D:3      | Noticed an ogre
  1556 | D:3      | Killed an ogre
  1556 | D:3      | Reached skill level 8 in Stealth
  2320 | D:4      | Reached XP level 6. HP: 12/28 MP: 17/17
  3173 | D:4      | Reached skill level 9 in Stealth
  3179 | D:4      | Reached skill level 5 in Short Blades
  3369 | D:5      | Entered Level 5 of the Dungeon
  3531 | D:5      | Reached XP level 7. HP: 20/32 MP: 16/19
  3554 | D:5      | Found a staircase to the Ecumenical Temple.
  3597 | Temple   | Entered the Ecumenical Temple
  3610 | Temple   | Became a worshipper of Dithmenos
  4409 | D:6      | Reached skill level 10 in Stealth
  4415 | D:6      | Noticed Kae's ghost (experienced DrWz)
  4903 | D:6      | Killed from afar by Kae's ghost

Action                   |  1- 3 |  4- 6 |  7- 9 || total
-------------------------+-------+-------+-------++-------
Melee: Dagger            |   124 |   163 |   110 ||   397
 Fire: Sling             |     1 |    19 |       ||    20
Throw: Dart              |       |       |     2 ||     2
 Cast: Ensorcelled Hiber |     1 |    10 |     4 ||    15
       Confuse           |       |       |     8 ||     8
  Use: Scroll            |     4 |     4 |       ||     8
       Potion            |       |     1 |       ||     1
 Stab: Sleeping          |     8 |    11 |     4 ||    23
